 Dungeon Crawl Stone Soup version 0.19-a0-1268-g6c5d9f8 (webtiles) character file.

54 jacquesderrida the Cudgeler (level 3, 5/18 HPs)
             Began as a Vine Stalker Wanderer on Aug 29, 2016.
             Quit the game on level 4 of the Dungeon.
             The game lasted 00:03:31 (558 turns).

jacquesderrida the Cudgeler (Vine Stalker Wanderer)  Turns: 558, Time: 00:03:32

Health: 5/18       AC:  8    Str: 12    XL:     3   Next: 91%
Magic:  3/5        EV:  5    Int: 13    God:
Gold:   110        SH:  0    Dex: 15    Spells: 0 memorised, 4 levels left

rFire  . . .     SeeInvis .     g - +3 mace
rCold  . . .     Gourm    .     h - +0 chain mail
rNeg   . . .     Faith    .     (no shield)
rPois  .         Spirit   +     (no helmet)
rElec  .         Dismiss  .     (no cloak)
rCorr  .         Reflect  .     (no gloves)
MR     .....     Harm     .     (no boots)
Stlth  ..........               (no amulet)
                                (no ring)
                                (no ring)

@: lethally poisoned (5 -> -7)
A: fangs 2, magic shield, antimagic bite, no device heal 3, rot immunity
a: no special abilities


You were on level 4 of the Dungeon.
You were not hungry.

You visited 1 branch of the dungeon, and saw 4 of its levels.

You collected 110 gold pieces.

Inventory:

Hand Weapons
 b - a +2 blowgun
 g - a +3 mace (weapon)
Armour
 e - a +0 robe
 h - a +0 chain mail (worn)
Scrolls
 d - a scroll of teleportation
 i - a scroll of enchant weapon {unknown}
 l - a scroll of enchant armour {unknown}
Books
 c - the Collected Works on the Voyage

   Spells                             Type                      Level
   a - Apportation                    Translocation                1
   b - Teleport Other                 Translocation                3
Comestibles
 f - a bread ration


   Skills:
 - Level 1.0 Fighting
 + Level 3.0 Maces & Flails
   Level 2.6 Bows
 - Level 1.7 Throwing
 - Level 1.0 Armour
 - Level 1.1 Spellcasting
   Level 1.0 Conjurations
   Level 1.0 Ice Magic


You had 4 spell levels left.
You didn't know any spells.

Dungeon Overview and Level Annotations

Branches:
Dungeon (4/15)
 Temple: D:4-7

Altars:
Uskayaw
Xom


Innate Abilities, Weirdness & Mutations

You have extremely sharp teeth.
When hurt, damage is shared between your health and your magic reserves.
Your bite disrupts and absorbs the magic of your enemies.
Potions and wands cannot restore your health.
You are immune to rotting.


Message History

You shoot a curare-tipped needle.
The curare-tipped needle closely misses the worker ant.
The curare-tipped needle hits the gnoll.
The gnoll is poisoned.
The gnoll convulses.
The gnoll seems to slow down.
The gnoll is heavily wounded.
The worker ant waves its antennae.
The worker ant bites you.
The worker ant bites you but does no damage.
You aren't carrying any potions.
Wield which item (- for none, * to show all)? (? for menu, Esc to quit)
g - a +3 mace (weapon)
You hit the worker ant.
You bite the worker ant, but do no damage.
The worker ant is moderately wounded.
The worker ant bites you but does no damage.
The worker ant bites you.
* * * LOW HITPOINT WARNING * * *
You are lethally poisoned!
The worker ant poisons you!
Are you sure you want to abandon this character and quit the game? (Confirm with "yes".)

#.. #..######### .
#.......... ..#
#........(# #...##
#>........# #...
#.........# ####
#.........# #####
#.....@...# ##)...
#####a##### ###..###
#g# #...#### #.# ##.###
#. ##)# #..# #.
##..#########.## #.
#...##........######.
#.#...........##......
#.##.####.####g##......


You could see a worker ant and a gnoll.

Vanquished Creatures
  An adder (D:4)
  3 gnolls (D:4)
  An ooze (D:2)
  A giant gecko (D:2)
  A goblin (D:2)
  2 hobgoblins
  2 kobolds
  A quokka (D:4)
  A bat (D:3)
  A rat (D:3)
14 creatures vanquished.

Notes
Turn   | Place    | Note
-------+----------+-------------------------------------------
     0 | D:1      | jacquesderrida the Vine Stalker Wanderer began the quest for the Orb.
     0 | D:1      | jacquesderrida set off with: 2 curare-tipped needles, a +2 blowgun, the Collected Works on the Voyage, a scroll of teleportation, a +0 robe, a bread ration
     0 | D:1      | Reached XP level 1. HP: 10/10 MP: 3/3
   118 | D:2      | Reached skill level 1 in Maces & Flails
   159 | D:2      | Found a shimmering altar of Xom.
   199 | D:2      | Reached XP level 2. HP: 9/14 MP: 2/4
   380 | D:4      | Reached skill level 2 in Maces & Flails
   380 | D:4      | Reached XP level 3. HP: 11/18 MP: 5/5
   396 | D:4      | Found a hide-covered altar of Uskayaw.
   527 | D:4      | Reached skill level 3 in Maces & Flails
   558 | D:4      | Quit the game

Vault maps used:
D:1:      lemuel_arrival_broad_hall
D:2:      marbit_many_paths, gammafunk_temple_overflow_elements, uniq_iyjb,
          uniq_sigmund
D:3:      kennysheep_doodads, lemuel_angel_altar
D:4:      nicolae_overflow_quartered_altars, old_standard_altar, first_bread,
          lightli_sewer_entry_pipes, grunt_ministairs_10, serial_park_tiny_2

Skill      XL: |  1  2  3 |
---------------+----------+-----
Maces & Flails | 1 2 3 |  3.0
Fighting       | |  1.0
Bows           | |  2.6
Throwing       | |  1.7
Armour         | |  1.0
Spellcasting   | |  1.1
Conjurations   | |  1.0
Ice Magic      | |  1.0

Action                   || total
-------------------------++-------
Melee: Mace              ||    47
       Bite              ||     7
 Fire: Blowgun           ||     7
  Use: Potion            ||     2
Armor: Chain mail        ||    34
       Skin              ||     4
Dodge: Dodged            ||    15
